 Dungeon Crawl Stone Soup version 0.27-a0-1200-g94dc6ad4cf (webtiles) character file.

Game seed: 3823370889626855217

8537 quinnr the Thaumaturge (level 11, -4/84 HPs)
             Began as a Djinni Ice Elementalist on May 31, 2021.
             Slain by a polar bear (16 damage)
             ... on level 11 of the Dungeon.
             The game lasted 00:48:14 (16933 turns).

quinnr the Thaumaturge (Djinni Ice Elementalist)   Turns: 16933, Time: 00:48:15

Health: -4/84      AC:  6    Str:  7    XL:     11   Next: 57%
Gold:   82         EV: 13    Int: 27    God:
                   SH:  0    Dex: 13

rFire    + + +     SeeInvis .   P - +1 dagger (venom)
rCold    . . .     Faith    .   (no shield)
rNeg     . . .     Spirit   .   R - +0 acid dragon scales
rPois    ∞         Reflect  .   (no helmet)
rElec    .         Harm     .   k - scarf {rC+ rF+}
rCorr    +         Rampage  .   (no gloves)
Will     +....                  (boots unavailable)
Stlth    ++........             j - amulet of regeneration
HPRegen  1.24/turn              x - +4 ring of slaying
MPRegen  0.00/turn              M - +6 ring of intelligence

@: flying
A: sickness immunity, fire resistance 2, cold vulnerability 1, float, innate
caster, hp casting, extra vitality 1
a: no special abilities


You were on level 11 of the Dungeon.
You visited 1 branch of the dungeon, and saw 11 of its levels.
You also visited: Ossuary and Ice Cave.

You collected 533 gold pieces.
You spent 451 gold pieces at shops.

Inventory:

Hand Weapons
 P - a +1 dagger of venom (weapon)
Missiles
 g - 70 poisoned darts
 E - 177 stones
 H - 2 throwing nets
 O - a curare-tipped dart
Armour
 a - a +0 robe
 k - a scarf of resistance (worn)
 t - a +0 robe of willpower
 R - +0 acid dragon scales (worn)
Jewellery
 j - an amulet of regeneration (around neck)
 x - a +4 ring of slaying (left hand)
 J - an amulet of faith
 M - a +6 ring of intelligence (right hand)
Wands
 l - a wand of paralysis (13)
 q - a wand of flame (12)
 w - a wand of iceblast (9)
Scrolls
 b - a scroll of magic mapping
 c - a scroll of enchant weapon {unknown}
 d - 2 scrolls of immolation
 f - 5 scrolls of teleportation
 h - 2 scrolls of vulnerability {unknown}
 i - a scroll of holy word {unknown}
 n - a scroll of torment {unknown}
 s - a scroll of enchant armour {unknown}
 y - 2 scrolls of blinking
 D - a scroll of fog {unknown}
 F - 3 scrolls of fear
 I - 3 scrolls of noise
 L - a scroll of acquirement {unknown}
Potions
 e - 5 potions of haste
 m - 4 potions of curing
 o - 3 potions of heal wounds
 r - a potion of might
 u - 5 potions of mutation
 v - 2 potions of berserk rage
 z - a potion of brilliance {unknown}
 A - 3 potions of ambrosia
 B - 3 potions of attraction
 C - a potion of invisibility {unknown}
 G - a potion of resistance {unknown}
 N - 2 potions of lignification


   Skills:
 - Level 9.0 Fighting
 + Level 2.5 Short Blades
 - Level 7.0 Dodging
 + Level 4.9 Stealth
 - Level 10.0 Spellcasting


You had one spell level left.
You knew the following spells:

 Your Spells              Type           Power      Damage    Failure   Level
a - Freeze                Ice            100%       1d11      1%          1
b - Frozen Ramparts       Ice            100%       1d12      1%          3
c - Ozocubu's Armour      Ice            61%        N/A       1%          3
d - Hailstorm             Conj/Ice       61%        3d13      1%          4
e - Metabolic Englaciati  Hex/Ice        30%        N/A       3%          5
f - Foxfire               Conj/Fire      100%       2x1d9     1%          1
g - Ensorcelled Hibernat  Hex/Ice        100%       N/A       1%          2
h - Swiftness             Air            61%        N/A       1%          3
i - Tukima's Dance        Hex            61%        N/A       1%          3
j - Summon Lightning Spi  Summ/Air       61%        N/A       1%          4
Your spell library was empty.

Dungeon Overview and Level Annotations

Branches:
Dungeon (11/15)            Temple (0/1) D:6            Lair (0/6) D:11
    Orc (0/2) D:9         Ossuary (visited)           IceCv (visited)

Altars:
Yredelemnul

Shops:
D:2 (   D:7 [[[:?   D:9 =   D:10 *


Innate Abilities, Weirdness & Mutations

You are immune to sickness and miasma.
You are immune to poison.
Your flesh is very heat resistant. (rF++)
You are vulnerable to cold. (rC-)
You float through the air rather than walking.
You learn spells naturally, not from books.
Your magical power is your life essence.
You have superior vitality. (+4 HP)


Message History

The polar bear is severely wounded.
The polar bear bites you.
The polar bear claws you but does no damage.
The polar bear closely misses you.
You hit the polar bear.
The polar bear is severely wounded.
The polar bear misses you. The polar bear closely misses you.
The polar bear claws you but does no damage.
You hit the polar bear but do no damage.
The polar bear looks as sick as possible!
The polar bear is severely wounded.
The polar bear barely misses you. The polar bear claws you.
The polar bear claws you but does no damage.
You hit the polar bear but do no damage.
The polar bear looks as sick as possible!
The polar bear is severely wounded.
The polar bear bites you but does no damage.
The polar bear closely misses you. The polar bear misses you.
You hit the polar bear.
The polar bear looks as sick as possible!
The polar bear is almost dead.
The polar bear goes berserk!
You hit the polar bear but do no damage.
The polar bear is almost dead.
The polar bear bites you!
The polar bear claws you but does no damage.
The polar bear misses you.
You hit the polar bear but do no damage.
The polar bear looks as sick as possible!
The polar bear is almost dead.
The polar bear bites you!
* * * LOW HITPOINT WARNING * * *
The polar bear claws you.
* * * LOW HITPOINT WARNING * * *
The polar bear claws you but does no damage.
You reach down and open the door.
The polar bear completely misses you. The polar bear claws you.
* * * LOW HITPOINT WARNING * * *
The polar bear misses you. The polar bear bites you!
You die...

,,,,,,**,,,,,,,,,,* *#.#..# #<..
***,,,**,,....[...#####.#..####.#
*,,,,**,,,.......+..............
*,,,***,,,,......####.#.#.####.#
*,,,* *,,,,,.....# #,#.#.####.#
*,,,* *,,,,,,....# #.#.........
***** *,,,,,,,.).* #......###.#
********#'#* ####.!.# #.. #@#
##..###.. #h#########.......
#h8.........>.....
#.................
#..=...#####.###.. #....[.#
#...,.. #......# **#.###,.
#......# *,...,,,, ########
**#.#***,


You could see 2 polar bears and a friendly lightning spire (summoned).

Vanquished Creatures
  2 dancing weapons
  A troll (D:9)
  A hornet (D:9)
  A polar bear (IceCv)
  Prince Ribbit (D:8)
  Sigmund (D:3)
  7 yaks
  A human (D:3)
  3 water moccasins
  Duvessa (D:4)
  Edmund (D:4)
  A black bear (D:6)
  4 orc warriors
  4 ice beasts
  A sky beast (D:7)
  2 wolves
  4 ogres
  6 centaurs
  A phantom (D:6)
  8 kobold brigands
  2 bullfrogs
  A wyvern zombie (D:7)
  2 gnoll sergeants
  5 water moccasin zombies (Ossuary)
  A wyvern skeleton (D:7)
  Dowan (D:4)
  6 killer bees
  2 howler monkeys
  A jelly (D:5)
  2 bullfrog zombies
  3 centaur zombies
  4 hounds
  4 orc priests
  2 gnoll shamans
  2 iguanas
  6 orc wizards
  2 hound skeletons
  2 mummies (Ossuary)
  Robin (D:3)
  26 gnolls
  10 adders
  8 white imps
  4 adder zombies (Ossuary)
  A worm (D:2)
  2 dart slugs (D:2)
  25 orcs
  5 endoplasms
  3 giant cockroaches
  6 gnoll zombies (Ossuary)
  8 goblins
  4 hobgoblins
  8 jackals
  6 quokkas
  8 ball pythons
  4 bats
  4 frilled lizards
  6 hobgoblin zombies (Ossuary)
  22 kobolds
  4 kobold zombies
  6 orc zombies (Ossuary)
  2 rats
272 creatures vanquished.

Vanquished Creatures (collateral kills)
  A two-headed ogre (D:9)
  A centaur zombie (D:10)
  2 polar bears (IceCv)
  An acid dragon (D:10)
  An orc warrior (D:8)
  A wolf (IceCv)
  2 gnolls
  6 white imps (D:11)
  3 orcs
18 creatures vanquished.

Vanquished Creatures (others)
  A dancing weapon (D:8)
  664 foxfires
  3 plants (D:3)
668 creatures vanquished.

Grand Total: 958 creatures vanquished

Notes
Turn   | Place    | Note
-------+----------+-------------------------------------------
     0 | D:1      | quinnr the Djinni Ice Elementalist began the quest for the
                  | Orb.
     0 | D:1      | Reached XP level 1. HP: 15/15 MP: 0/0
    50 | D:1      | Reached XP level 2. HP: 11/21 MP: 0/0
   714 | D:1      | Reached XP level 3. HP: 24/25 MP: 0/0
   714 | D:1      | Learned a level 1 spell: Foxfire
  1382 | D:1      | Found a faded altar of an unknown god.
  1582 | D:2      | Found Zoatsaeh's Antique Weapon Shoppe.
  1761 | D:2      | Reached skill level 4 in Spellcasting
  1761 | D:2      | Reached XP level 4. HP: 23/31 MP: 0/0
  2031 | D:2      | Reached XP level 5. HP: 31/35 MP: 0/0
  2031 | D:2      | Learned a level 2 spell: Ensorcelled Hibernation
  2229 | D:2      | HP: 3/35 [dart slug (2)]
  2932 | D:3      | Found a runed translucent door.
  2932 | D:3      | Noticed a human
  2938 | D:3      | Found a basalt altar of Yredelemnul.
  3049 | D:3      | Killed a human
  3050 | D:3      | Reached skill level 5 in Spellcasting
  3050 | D:3      | Reached XP level 6. HP: 11/40 MP: 0/0
  3292 | D:3      | Noticed Robin
  3502 | D:3      | Killed Robin
  3669 | D:3      | Noticed Sigmund
  3674 | D:3      | Killed Sigmund
  3675 | D:3      | Reached skill level 6 in Spellcasting
  3675 | D:3      | Reached XP level 7. HP: 23/45 MP: 0/0
  3675 | D:3      | Learned a level 3 spell: Swiftness
  3827 | D:3      | quinnr: ??swiftness
  3827 | D:3      | beem: swiftness[1/2]: Level 2 Charms/Air. Swiftness has two
                  | stages of equal duration: the first decreases move delay by
                  | 25%, the second increases it by 50%. The duration for each
                  | stage is min(30,12+floor(random2(power)/2))*10 aut.
  3827 | D:3      | quinnr: ??swiftness[2
  3827 | D:3      | beem: move delay[1/1]: Movement delays are: naga 14,
                  | barachi 12, human 10, flying tengu or running 9, felid 8,
                  | centaur 7, spriggan or bat 6. Chei ******: add 10 to
                  | non-naga, 14 to naga. Slow or Statue form: multiply by 3/2.
                  | Haste or Berserk: multiply by 2/3. Swiftness: multiply by
                  | 3/4 or 3/2.
  4939 | D:4      | Noticed Duvessa
  4939 | D:4      | Noticed Dowan
  4944 | D:4      | Killed Dowan
  4945 | D:4      | Reached skill level 7 in Spellcasting
  4998 | D:4      | Killed Duvessa
  4999 | D:4      | Reached XP level 8. HP: 19/50 MP: 0/0
  5322 | D:5      | Entered Level 5 of the Dungeon
  5788 | D:4      | Noticed Edmund
  5799 | D:4      | Killed Edmund
  5800 | D:4      | Reached skill level 8 in Spellcasting
  6908 | D:6      | Found a sand-covered staircase.
  6916 | Ossuary  | Entered an ossuary
  7465 | Ossuary  | Reached XP level 9. HP: 16/55 MP: 0/0
  7465 | Ossuary  | Learned a level 3 spell: Tukima's Dance
  8248 | D:6      | Reached skill level 9 in Spellcasting
  8362 | D:6      | Found a staircase to the Ecumenical Temple.
  9543 | D:6      | Reached skill level 10 in Spellcasting
  9892 | D:6      | Reached skill level 1 in Fighting
 10109 | D:7      | Found Sonur's Magic Scroll Boutique.
 10113 | D:7      | Bought a scroll of noise for 13 gold pieces
 10113 | D:7      | Bought a scroll of identify for 26 gold pieces
 10113 | D:7      | Bought a scroll of identify for 26 gold pieces
 10113 | D:7      | Bought a scroll of identify for 26 gold pieces
 10170 | D:7      | quinnr: !whichgod DjIE
 10170 | D:7      | beem: 28 recent wins for DjIE: 12x Makhleb, 7x Ashenzari,
                  | 2x Lugonu, 2x Qazlal, Okawaru, Cheibriados, Gozag,
                  | Hepliaklqana, Ru
 10205 | D:7      | Found Petuhu's Antique Armour Boutique.
 10527 | D:6      | Reached XP level 10. HP: 9/67 MP: 0/0
 11204 | D:7      | Found Oduass's Armour Shoppe.
 11223 | D:7      | quinnr: ??armor
 11223 | D:7      | beem: I don't have a page labeled armor in my learndb. Did
                  | you mean: armour, armours.
 11223 | D:7      | quinnr: encumbrance??
 11223 | D:7      | beem: A number representing how much armour hampers your
                  | spellcasting, dodging, and melee accuracy.
 11223 | D:7      | quinnr: encumbrance[2]??
 11223 | D:7      | beem: Adjusted body armour evasion penalty. Affects spell
                  | success, melee and missile accuracy. Its value is [(2/5) *
                  | er^2 / (str+3)] * [45 - armour_skill]/45.
 11358 | D:7      | Reached skill level 5 in Fighting
 11385 | D:7      | Found Yllimer's Armour Shoppe.
 11638 | D:7      | Found Waopekey's Book Emporium.
 12331 | D:8      | Noticed Prince Ribbit
 12337 | D:8      | Killed Prince Ribbit
 13538 | D:9      | Found Vofisakh's Jewellery Emporium.
 14509 | D:9      | Noticed a two-headed ogre
 14517 | D:9      | Killed a two-headed ogre
 14742 | D:9      | Reached XP level 11. HP: 55/84 MP: 0/0
 14742 | D:9      | Learned a level 4 spell: Summon Lightning Spire
 14743 | D:9      | Reached skill level 5 in Dodging
 15012 | D:9      | Found a staircase to the Orcish Mines.
 15414 | D:10     | Entered Level 10 of the Dungeon
 15690 | D:10     | Reached skill level 1 in Short Blades
 16024 | D:10     | Found Gauhotit's General Store.
 16101 | D:9      | Bought an amulet of regeneration for 360 gold pieces
 16734 | D:11     | Found a frozen archway.
 16808 | IceCv    | Entered an ice cave
 16933 | D:11     | Slain by a polar bear

Illustrated notes

Levels and vault maps discovered:
D:1:      lemuel_arrival_behind_the_door_large, layout_basic,
          shapermc_ecumenical_altar_mp_vishouse, nrook_mini_backslash,
          hex_medium, st_stairs_8
D:2:      layout_rooms, serial_shops, shop
D:3:      layout_basic, dk_yredelemnul_ordeal, minmay_crystal_water,
          guppyfry_early_lair_pool, uniq_sigmund, uniq_robin
D:4:      layout_basic, st_stairs_7, grunt_ministairs_7,
          chequers_serial_rivers_micro_d, uniq_edmund, uniq_duvessa
D:5:      layout_basic, eino_tiny_chamber
D:6:      layout_loops_cross, minmay_temple_entry_stoned_glass, enter_ossuary_2
D:7:      layout_cave_pools, serial_shops, kennysheep_mini,
          kennysheep_little_box, shop, shop, nicolae_shop_statue_plus,
          hangedman_decor_diamond_cutter, st_stairs_1
D:8:      layout_loops_ring, serial_bayou_pond_c, uniq_prince_ribbit1
D:9:      layout_roguey, kennysheep_orc_monster_closet_entryway, serial_shops,
          shop, ebering_dispersal_statue_hall
D:10:     layout_stronghold, serial_shops, shop_fountains
D:11:     layout_basic, david_lair_generic, portal_ice_cave_entry_imps,
          chequers_decorated_corner

Skill      XL: |  1  2  3  4  5  6  7  8  9 10 11 |
---------------+----------------------------------+-----
Stealth        | 2 4 |  4.9
Spellcasting   | 4 5 6 7 8 10 | 10.0
Fighting       | 3 9 |  9.0
Dodging        | 3 4 7 |  7.0
Short Blades   | 2 |  2.5

Action                   |  1- 3 |  4- 6 |  7- 9 | 10-12 || total
-------------------------+-------+-------+-------+-------++-------
Melee: Unarmed           |     2 |       |       |       ||     2
       Dagger            |       |     9 |    11 |    12 ||    32
Throw: Stone             |       |       |       |     5 ||     5
 Cast: Freeze            |    23 |    10 |    53 |    32 ||   118
       Foxfire           |    26 |    46 |   180 |   148 ||   400
       Frozen Ramparts   |     2 |    12 |    30 |    21 ||    65
       Ensorcelled Hiber |       |     7 |     6 |     3 ||    16
       Hailstorm         |       |     3 |    21 |    36 ||    60
       Ozocubu's Armour  |       |     1 |     6 |     6 ||    13
       Metabolic Englaci |       |       |     3 |     4 ||     7
       Tukima's Dance    |       |       |     8 |     9 ||    17
       Swiftness         |       |       |     1 |     1 ||     2
       Summon Lightning  |       |       |       |     8 ||     8
  Use: Potion            |       |     1 |     1 |     2 ||     4
       Scroll            |       |       |    10 |     8 ||    18
 Stab: Sleeping          |       |     1 |       |       ||     1
Armor: Robe              |     5 |     2 |    16 |    15 ||    38
       Acid dragon scale |       |       |       |    25 ||    25
Dodge: Dodged            |    15 |    17 |    80 |    96 ||   208

Table legend: (Time is in decaauts)
 A = Elapsed time spent in this place.
 B = Non-inter-level travel time spent in this place.
 C = Inter-level travel time spent in this place.
 D = Time resting spent in this place.
 E = Time spent auto-exploring this place.
 F = Levels seen in this place.
 G = Mean time per level.
                   A        B        C        D        E       F      G
               +--------+--------+--------+--------+--------+-----+--------+
         Total |  16955 |  16403 |    552 |   6449 |   7812 |  13 | 1304.2 |
       Dungeon |  15577 |  15025 |    552 |   5573 |   7672 |  11 | 1416.1 |
       Ossuary |   1273 |   1273 |      0 |    821 |    130 |   1 | 1273.0 |
      Ice Cave |    104 |    104 |      0 |     55 |     10 |   1 |  104.0 |
               +--------+--------+--------+--------+--------+-----+--------+

Top non-repeatable levels by time:
     D:6: 2800 daAuts
     D:9: 2051 daAuts
     D:1: 1780 daAuts
     D:4: 1720 daAuts
     D:8: 1649 daAuts
     D:2: 1545 daAuts
 Ossuary: 1273 daAuts
    D:10: 1166 daAuts
     D:3: 1011 daAuts
     D:7: 907 daAuts
     D:5: 816 daAuts
    D:11: 127 daAuts
   IceCv: 104 daAuts
